 Dungeon Crawl Stone Soup version 0.29.0-13-gc9e81de378 (webtiles) character file.

Game seed: 8952361005721144405

3224 ponyjar the Spear-Bearer (level 9, -1/72 HPs)
             Began as a Merfolk Summoner on Sept 10, 2022.
             Slain by BubbleThief's ghost (18 damage)
             ... on level 6 of the Dungeon.
             The game lasted 00:12:09 (9621 turns).

ponyjar the Spear-Bearer (Merfolk Summoner)         Turns: 9621, Time: 00:12:10

Health: -1/72      AC:  8    Str:  8    XL:     9   Next: 98%
Magic:  1/19       EV: 16    Int: 18    God:
Gold:   305        SH:  0    Dex: 18    Spells: 12/21 levels left

rFire   . . .      SeeInvis +   h - +0 trident
rCold   . . .      Faith    .   (no shield)
rNeg    . . .      Spirit   .   v - +0 leather armour
rPois   .          Reflect  .   (no helmet)
rElec   .          Harm     .   n - +0 cloak
rCorr   .          Rampage  .   d - +2 pair of gloves {Dex+3}
Will    .....                   z - +0 pair of boots
Stlth   ++........              C - amulet of the acrobat
HPRegen 0.22/turn               x - +4 ring of evasion
MPRegen 0.16/turn               q - ring of see invisible

@: about to teleport
A: (nimble swimmer 2), mertail, passive freeze
a: no special abilities


You were on level 6 of the Dungeon.
You visited 1 branch of the dungeon, and saw 6 of its levels.

You collected 305 gold pieces.

Inventory:

Hand Weapons
 h - a +0 trident (weapon)
 l - a +0 spear
Armour
 a - a +0 robe
 d - a +2 pair of gloves of dexterity (worn)
 n - a +0 cloak (worn)
 v - a +0 leather armour (worn)
 z - a +0 pair of boots (worn)
Jewellery
 q - a ring of see invisible (right hand)
 x - a +4 ring of evasion (left hand)
 B - a ring of protection from fire
 C - an amulet of the acrobat (around neck)
Wands
 t - a wand of flame (4)
Scrolls
 c - a scroll of magic mapping {unknown}
 e - 3 scrolls of fear {unknown}
 f - a scroll of noise {unknown}
 j - a scroll of fog {unknown}
 k - a scroll of immolation {unknown}
 m - 3 scrolls of teleportation
 o - a scroll of torment {unknown}
 p - a scroll of blinking {unknown}
 r - 5 scrolls of poison
 s - a scroll of enchant weapon
 u - a scroll of vulnerability
 w - 3 scrolls of amnesia
 y - a scroll of identify
 A - a scroll of brand weapon {unknown}
Potions
 b - a potion of magic
 g - 2 potions of curing
 i - a potion of flight
 D - a potion of haste


   Skills:
 * Level 7.1 Fighting
 * Level 8.5 Polearms
 - Level 2.8 Dodging
 - Level 2.2 Stealth
 * Level 6.6 Spellcasting
 * Level 8.1 Summonings


You had 12 spell levels left.
You knew the following spells:

 Your Spells              Type           Power      Damage    Failure   Level
a - Summon Small Mammal   Summ           100%       N/A       1%          1
b - Call Imp              Summ           35%        N/A       1%          2
c - Call Canine Familiar  Summ           35%        N/A       1%          3
d - Summon Guardian Gole  Hex/Summ       20%        N/A       9%          3

Your spell library contained the following spells:

 Spells                   Type           Power      Damage    Failure   Level
 Apportation              Tloc           12%        N/A       16%         1
 Necrotise                Necr           24%        1d5       16%         1
 Slow                     Hex            24%        N/A       16%         1
 Sting                    Tmut/Pois      24%        1d4       16%         1
 Ensorcelled Hibernation  Hex/Ice        12%        N/A       24%         2
 Passwall                 Tmut/Erth      5%         N/A       24%         2
 Poisonous Vapours        Pois/Air       12%        N/A       24%         2
 Summon Lightning Spire   Summ/Air       20%        N/A       30%         4
 Confusing Touch          Hex            6%         N/A       43%         3
 Gell's Gravitas          Tloc           6%         N/A       43%         3
 Swiftness                Air            6%         N/A       43%         3
 Teleport Other           Tloc           6%         N/A       43%         3
 Tukima's Dance           Hex            6%         N/A       43%         3
 Vampiric Draining        Necr           6%         2d6       43%         3
 Olgreb's Toxic Radiance  Pois           6%         N/A       85%         4
 Passage of Golubria      Tloc           6%         N/A       85%         4
 Yara's Violent Unravell  Hex/Tmut       3%         3d4       99%         5
 Dispersal                Tloc           3%         N/A       100%        6


Dungeon Overview and Level Annotations

Branches:
Dungeon (6/15)
 Temple: D:4-7

Altars:
Cheibriados
Sif Muna

Annotations:
D:6 BubbleThief's ghost, novice NaVM


Innate Abilities, Weirdness & Mutations

((You are very nimble when in or above water. (Stealth+, EV+, Speed+++)))
Your lower body shifts to a powerful aquatic tail in water.
A frigid envelope surrounds you and freezes all who hurt you.


Message History

You feel sick.
You are more poisoned.
You feel sick.
You are more poisoned.
Okay, then.
Press: ? - help, v - describe, . - travel The floor.
Press: ? - help, v - describe, . - travel
Here: BubbleThief's ghost, wielding a weapon of flaming (lightly damaged, radiating toxic energy)
The floor.
You feel better.
You are poisoned.
Unknown command.
Okay, then.
You feel better.
You are poisoned.
Unknown command.
Casting: Summon Guardian Golem (dangerous; 9% risk of failure)
Confirm with . or Enter, or press ? or * to list all spells.
You feel sick.
You are more poisoned.
Your hound is poisoned.
BubbleThief's ghost's toxic aura wanes.
BubbleThief's ghost hits you!!
* * * LOW HITPOINT WARNING * * *
BubbleThief's ghost burns you.
* * * LOW HITPOINT WARNING * * *
BubbleThief's ghost is very cold.
BubbleThief's ghost is moderately damaged.
Unknown command.
Okay, then.
You feel better. BubbleThief's ghost hits you.
* * * LOW HITPOINT WARNING * * *
BubbleThief's ghost burns you.
* * * LOW HITPOINT WARNING * * *
Unknown command.
As you read the scroll of teleportation, it crumbles to dust.
You feel strangely unstable.
Your hound cocks its head sideways at you.
BubbleThief's ghost hits you!!
You die...

#..################....#.........
####8....._[)...8####+##.........
...#.............#......###'###..
...#.#8#..8..#8#.#......#.....#..
...#.###.oo..###.#......#.....#..
...#....#####o...#......#.....#..
...#........oo..?#..h...#.....#..
...######'))######......#..##.#..
.#'8.......oo.oW@8###############
.#.............o..#
.#...#........#####
.+...#........# .#...#........#
.#...+........# .##############
##


You could see an orc warrior, 2 orc priests, BubbleThief's ghost (ally target),
5 orcs and a friendly hound (summoned, poisoned).

Vanquished Creatures
  Grinder (D:4)
  Edmund (D:4)
  A water moccasin (D:5)
  2 ice beasts (D:5)
  A black bear (D:5)
  2 bullfrogs (D:4)
  A necrophage (D:6)
  7 scorpions
  An orc priest (D:3)
  5 hounds
  A jelly (D:4)
  A gnoll bouda (D:3)
  3 iguanas
  5 orc wizards
  3 gnolls
  3 adders
  2 worms
  14 orcs
  2 endoplasms
  2 giant cockroaches
  3 goblins (D:2)
  2 hobgoblins
  3 jackals (D:4)
  A quokka (D:3)
  3 ball pythons
  3 bats
  2 frilled lizards (D:1)
  3 kobolds
  6 rats
84 creatures vanquished.

Vanquished Creatures (collateral kills)
  A water moccasin (D:5)
  A sky beast (D:6)
  2 ogres
  3 phantoms
  A necrophage (D:4)
  2 scorpions
  A jelly (D:5)
  3 hounds (D:5)
  An orc priest (D:3)
  4 orc wizards
  An adder (D:6)
  4 gnolls
  2 worms (D:3)
  A dart slug (D:1)
  14 orcs
  5 endoplasms (D:1)
  A giant cockroach (D:1)
  4 goblins
  A hobgoblin (D:1)
  4 jackals
  A kobold (D:3)
  2 quokkas
  5 ball pythons (D:1)
  3 bats
  2 frilled lizards (D:1)
69 creatures vanquished.

Vanquished Creatures (others)
  A shadow (D:5)
  A gnoll bouda (D:6)
  Crazy Yiuf (D:4)
  3 gnolls (D:6)
  An orc (D:6)
  8 fungi
  4 plants (D:2)
19 creatures vanquished.

Grand Total: 172 creatures vanquished

Notes
Turn   | Place    | Note
-------+----------+-------------------------------------------
     0 | D:1      | ponyjar the Merfolk Summoner began the quest for the Orb.
     0 | D:1      | Reached XP level 1. HP: 13/13 MP: 3/3
   322 | D:1      | Reached XP level 2. HP: 10/19 MP: 0/5
   490 | D:1      | Learned a level 2 spell: Call Imp
  1025 | D:1      | Reached XP level 3. HP: 24/24 MP: 3/6
  2311 | D:2      | Reached XP level 4. HP: 25/31 MP: 8/8
  2388 | D:2      | Found a faded altar of an unknown god.
  2824 | D:2      | Reached skill level 1 in Fighting
  2824 | D:2      | Reached skill level 1 in Polearms
  3406 | D:2      | Learned a level 3 spell: Call Canine Familiar
  3538 | D:3      | Reached XP level 5. HP: 23/37 MP: 4/9
  3565 | D:3      | Reached skill level 5 in Summonings
  4218 | D:3      | Reached XP level 6. HP: 45/45 MP: 6/11
  5280 | D:4      | Noticed Grinder
  5290 | D:4      | Paralysed by Grinder for 2 turns
  5294 | D:4      | Killed Grinder
  5295 | D:4      | Reached XP level 7. HP: 34/52 MP: 7/13
  5868 | D:4      | Noticed Edmund
  5921 | D:4      | Gained mutation: Your muscles are strong. (Str +4, Int/Dex
                  | -1) [potion of mutation]
  5921 | D:4      | Lost mutation: Your muscles are strong. (Str +4, Int/Dex
                  | -1) [potion of mutation]
  5921 | D:4      | Gained mutation: A frigid envelope surrounds you and
                  | freezes all who hurt you. [potion of mutation]
  5931 | D:4      | Killed Edmund
  5932 | D:4      | Reached skill level 5 in Polearms
  5932 | D:4      | Reached XP level 8. HP: 48/60 MP: 14/14
  6132 | D:4      | Found a runed translucent door.
  6133 | D:4      | Noticed Crazy Yiuf
  6210 | D:4      | You fall into a shaft and drop 1 floor!
  6210 | D:5      | Entered Level 5 of the Dungeon
  6367 | D:5      | Reached skill level 5 in Spellcasting
  6562 | D:5      | Reached skill level 5 in Fighting
  6603 | D:5      | Noticed a shadow
  7040 | D:4      | Learned a level 3 spell: Summon Guardian Golem
  7054 | D:4      | Killed Crazy Yiuf
  7299 | D:5      | Killed a shadow
  7300 | D:5      | Reached XP level 9. HP: 34/68 MP: 8/17
  7916 | D:5      | Found a shimmering blue altar of Sif Muna.
  8546 | D:6      | Identified the +3 hand axe "Hydraslayer" {drain, *Noise rC+
                  | Int+3}
  8988 | D:6      | Found a snail-covered altar of Cheibriados.
  9070 | D:6      | Found a runed translucent gate.
  9114 | D:6      | Found a runed translucent gate.
  9115 | D:6      | Found a runed translucent gate.
  9117 | D:6      | Noticed BubbleThief's ghost (novice NaVM)
  9130 | D:6      | Identified the +0 chain mail of Omission {rF+ Str+3}
  9621 | D:6      | Slain by BubbleThief's ghost

Illustrated notes

Levels and vault maps discovered:
D:1:      amcnicky_arrival_single_pillar, layout_loops_ring
D:2:      layout_loops_cross, shapermc_ecumenical_altar_mp_urbaneastern
D:3:      layout_basic
D:4:      layout_basic, uniq_grinder, uniq_edmund, uniq_crazy_yiuf_cottage
D:5:      layout_gridville, led_sif_pool, chequers_arboretum,
          minmay_chambers_of_fives
D:6:      layout_gridville, mainiacjoe_overflow_alcove_4,
          biasface_ghost_orc_armoury, nicolae_elevator_lobby_asterisk

Skill      XL: |  1  2  3  4  5  6  7  8  9 |
---------------+----------------------------+-----
Spellcasting   | 3 4 5 6 |  6.6
Fighting       | 1 2 3 4 5 7 |  7.1
Polearms       | 1 2 3 5 6 8 |  8.5
Summonings     | 5 6 7 8 |  8.1
Dodging        | |  2.8
Stealth        | |  2.2

Action                   |  1- 3 |  4- 6 |  7- 9 || total
-------------------------+-------+-------+-------++-------
Melee: Unarmed           |    51 |     4 |       ||    55
       Spear             |    43 |   139 |       ||   182
       Punch             |     2 |       |     5 ||     7
       Dagger            |     2 |       |       ||     2
       Trident           |       |    54 |   226 ||   280
 Cast: Summon Small Mamm |    19 |     2 |    15 ||    36
       Call Imp          |    19 |    11 |    25 ||    55
       Call Canine Famil |       |    10 |    49 ||    59
       Summon Guardian G |       |       |    14 ||    14
Evoke: Wand              |       |     3 |     1 ||     4
  Use: Potion            |       |     4 |    10 ||    14
       Scroll            |       |       |     7 ||     7
 Stab: Sleeping          |     4 |     4 |     4 ||    12
       Distracted        |     1 |       |     4 ||     5
Armor: Robe              |    38 |    19 |       ||    57
       Leather armour    |       |    41 |    79 ||   120
       Skin              |       |    19 |       ||    19
Dodge: Dodged            |    89 |   115 |   157 ||   361
